 Dungeon Crawl Stone Soup version 0.23-b1-6-ga921848b48 (webtiles) character file.

Game seed: 7430417337042671974

193 Infinimo the Insei (level 5, 0/37 HPs)
             Began as a Demonspawn Transmuter on Feb 2, 2019.
             Slain by an orc wizard
             ... wielding a +0 dagger
              (2 damage)
             ... on level 4 of the Dungeon.
             The game lasted 00:07:02 (5625 turns).

Infinimo the Insei (Demonspawn Transmuter)          Turns: 5625, Time: 00:07:03

Health: 0/37       AC:  4    Str: 10    XL:     5   Next: 43%
Magic:  8/8        EV: 12    Int: 15    God:
Gold:   184        SH:  0    Dex: 14    Spells: 4/8 levels left

rFire    . . .     SeeInvis .     - Unarmed
rCold    + . .     Gourm    .   (no shield)
rNeg     . . .     Faith    .   b - +0 robe
rPois    .         Spirit   .   (helmet restricted)
rElec    .         Reflect  .   g - +0 cloak
rCorr    .         Harm     .   h - +0 pair of gloves
MR       .....                  (no boots)
Stlth    +.........             (no amulet)
HPRegen  0.12/turn              (no ring)
MPRegen  0.11/turn              (no ring)

@: very slightly contaminated, invisible
A: antennae 2, cold resistance 1
a: no special abilities


You were on level 4 of the Dungeon.
You were near starving.

You visited 1 branch of the dungeon, and saw 4 of its levels.

You collected 184 gold pieces.

Inventory:

Missiles
 a - 68 arrows
Armour
 b - a +0 robe (worn)
 g - a +0 cloak (worn)
 h - a +0 pair of gloves (worn)
Scrolls
 c - a scroll of amnesia {unknown}
 e - 2 scrolls of remove curse
 f - 3 scrolls of enchant armour {unknown}
 k - 3 scrolls of identify {unknown}
 l - a scroll of magic mapping {unknown}
Potions
 j - a potion of agility
 m - a potion of flight {unknown}
 n - a potion of resistance {unknown}
Comestibles
 d - 7 rations


   Skills:
 - Level 1.0 Fighting
 - Level 1.7 Dodging
 * Level 4.9 Unarmed Combat
 - Level 2.0 Spellcasting
 + Level 3.2 Transmutations


You had 4 spell levels left.
You knew the following spells:

 Your Spells              Type           Power        Failure   Level  Hunger
a - Beastly Appendage     Tmut           ##....       6%          1    #......
b - Spider Form           Tmut/Pois      #.........   34%         3    ###....

Your spell library contained the following spells:

 Spells                   Type           Power        Failure   Level  Hunger
 Sticks to Snakes         Tmut           ##......     9%          2    ###....
 Ice Form                 Ice/Tmut       #.......     75%         4    #####..
 Blade Hands              Tmut           ##........   85%         5    ######.


Dungeon Overview and Level Annotations

Branches:
Dungeon (4/15)
 Temple: D:4-7

Altars:
Cheibriados

Shops:
D:4 (?


Innate Abilities, Weirdness & Mutations

You have a pair of antennae on your head.
Your flesh is cold resistant. (rC+)


Message History

A puff of flame appears from out of thin air!
The puff of flame hits you.
A puff of frost appears from out of thin air!
You resist. The puff of frost hits you. Something hits you.
You hear some strange, mumbled words.
A puff of flame appears from out of thin air!
The puff of flame hits you!
* * * LOW HITPOINT WARNING * * *
A puff of flame appears from out of thin air!
The puff of flame hits you!
* * * LOW HITPOINT WARNING * * *
A puff of frost appears from out of thin air!
As you read the scroll labeled FYFICUIQANK, it crumbles to dust.
You feel blessed for a moment.
It was a scroll of remove curse.
It was a potion of invisibility.
You fade into invisibility!
You are very lightly contaminated with residual magic.
Something hits you.
You die...

####.#...#####...#
#..##'.....'#
###.#.#..#..#)# .
#...###..#..###.g
#..#..o#.'.#...#.
#.####....#...#.......
#......#.####.........
####.{..# #.#######.
#@##.# #[# #.##.###)#
##)).∩..#.#
#.<)#.#...#
##[##.###.# #....# #.#
####.# #.# #.# #.. #.#
###


You could see an orc wizard.

Vanquished Creatures
  An orc wizard (D:2)
  Robin (D:4)
  4 gnolls
  An adder (D:4)
  3 worms
  A dart slug (D:1)
  2 leopard geckos
  9 orcs
  2 ball pythons
  5 bats
  2 giant cockroaches
  14 goblins
  12 hobgoblins
  A jackal (D:3)
  6 kobolds
  2 quokkas
  10 frilled lizards
  A leopard gecko skeleton (D:3)
  12 rats
89 creatures vanquished.

Notes
Turn   | Place    | Note
-------+----------+-------------------------------------------
     0 | D:1      | Infinimo the Demonspawn Transmuter began the quest for the
                  | Orb.
     0 | D:1      | Reached XP level 1. HP: 15/15 MP: 3/3
   282 | D:1      | Reached skill level 3 in Unarmed Combat
   306 | D:1      | Gained mutation: You have a pair of small antennae on your
                  | head. [demonic ancestry]
   306 | D:1      | Reached XP level 2. HP: 19/21 MP: 5/5
  1062 | D:2      | Gained mutation: You have a pair of antennae on your head.
                  | [demonic ancestry]
  1062 | D:2      | Reached XP level 3. HP: 19/26 MP: 6/6
  1948 | D:2      | Found a snail-covered altar of Cheibriados.
  1981 | D:2      | Found a faded altar of an unknown god.
  2855 | D:2      | Reached skill level 4 in Unarmed Combat
  2855 | D:2      | Gained mutation: Your flesh is cold resistant. (rC+)
                  | [demonic ancestry]
  2855 | D:2      | Reached XP level 4. HP: 17/32 MP: 7/7
  3944 | D:3      | Reached XP level 5. HP: 17/37 MP: 8/8
  4111 | D:3      | Learned a level 3 spell: Spider Form
  4474 | D:4      | Found Plog's Antique Weapon Shoppe.
  4709 | D:4      | Noticed Robin
  4933 | D:4      | Killed Robin
  4992 | D:4      | Noticed a phantom
  5598 | D:4      | Found Biddish's Magic Scroll Shoppe.
  5625 | D:4      | Slain by an orc wizard

Skill      XL: |  1  2  3  4 |
---------------+-------------+-----
Unarmed Combat | 3 4 |  4.9
Transmutations | 2 3 |  3.2
Fighting       | |  1.0
Dodging        | |  1.7
Spellcasting   | |  2.0

Action                   |  1- 3 |  4- 6 || total
-------------------------+-------+-------++-------
Melee: Unarmed           |   205 |   172 ||   377
       Punch             |     4 |     3 ||     7
       Kick              |     5 |     4 ||     9
 Cast: Beastly Appendage |     6 |     3 ||     9
       Spider Form       |       |     4 ||     4
  Use: Potion            |     2 |     5 ||     7
       Scroll            |       |     1 ||     1
 Stab: Sleeping          |     1 |       ||     1
       Distracted        |       |     1 ||     1
  Eat: Chunk             |     6 |     8 ||    14
Armor: Robe              |    39 |    25 ||    64
Dodge: Dodged            |   111 |    99 ||   210
